 Dungeon Crawl Stone Soup version 0.21.1-1-g345015fe64 (webtiles) character file.

62 NullDivider the Charlatan (level 3, 0/18 HPs)
             Began as a Spriggan Artificer on Apr 27, 2018.
             Slain by a hobgoblin
             ... wielding a +0 club
              (5 damage)
             ... on level 3 of the Dungeon.
             The game lasted 00:05:18 (2065 turns).

NullDivider the Charlatan (Spriggan Artificer)      Turns: 2065, Time: 00:05:18

Health: 0/18       AC:  2    Str:  8    XL:     3   Next: 85%
Magic:  7/7        EV: 19    Int: 12    God:
Gold:   82         SH:  0    Dex: 17    Spells: 2/2 levels left

rFire    . . .     SeeInvis +   a - +0 short sword
rCold    . . .     Gourm    .   (shield restricted)
rNeg     . . .     Faith    .   b - +0 robe
rPois    .         Spirit   .   (helmet restricted)
rElec    .         Reflect  .   (no cloak)
rCorr    .         Harm     .   (gloves unavailable)
MR       .....                  (boots unavailable)
Stlth    +++.......             (no amulet)
HPRegen  0.06/turn              k - ring of stealth
MPRegen  0.10/turn              (no ring)

@: very quick
A: very small, unfitting armour, see invisible, herbivore, speed 3, slow
metabolism 2
a: no special abilities


You were on level 3 of the Dungeon.
You were not hungry.

You visited 1 branch of the dungeon, and saw 3 of its levels.

You collected 82 gold pieces.

Inventory:

Hand Weapons
 a - a +0 short sword (weapon)
Armour
 b - a +0 robe (worn)
Jewellery
 k - a ring of stealth (left hand)
Wands
 c - a wand of flame (11)
 d - a wand of enslavement (15)
 e - a wand of random effects (15)
Scrolls
 g - 2 scrolls of identify {unknown}
 l - a scroll of immolation {unknown}
 m - a scroll of amnesia {unknown}
 o - 2 scrolls of teleportation {unknown}
Potions
 h - 2 potions of magic {unknown}
 i - a potion of agility {unknown}
 j - a potion of mutation {unknown}
 n - a potion of curing {unknown}
 p - a potion of berserk rage {unknown}
Comestibles
 f - 2 rations


   Skills:
 * Level 1.8 Fighting
 + Level 1.8 Short Blades
 + Level 3.7 Dodging
 + Level 2.8 Stealth
 + Level 4.4 Evocations


You had 2 spell levels left.
You didn't know any spells.

Dungeon Overview and Level Annotations

Branches:
Dungeon (3/15)

Altars:
Makhleb
Nemelex Xobeh
Trog


Innate Abilities, Weirdness & Mutations

You are very small and have problems with some larger weapons.
You are too small for most types of armour.
You have supernaturally acute eyesight. (SInv)
You are a herbivore.
You cover ground extremely quickly.
You need consume almost no food.


Message History

An orc comes into view. It is wielding a hand axe.
The orc hits you but does no damage.
You closely miss the orc. The orc hits you with a hand axe.
You hit the orc.
The orc is heavily wounded.
A hobgoblin comes into view. It is wielding a club.
The hobgoblin shouts!
You hit the orc.
You kill the orc!
You hear an angry hiss.
You closely miss the hobgoblin. The hobgoblin completely misses you.
You completely miss the hobgoblin. The hobgoblin completely misses you.
You barely miss the hobgoblin. The hobgoblin hits you with a club!
* * * LOW HITPOINT WARNING * * *
An orc priest comes into view. It is wielding a flail.
The orc priest shouts!
You hit the hobgoblin.
The hobgoblin is almost dead.
The hobgoblin hits you with a club.
You die...

### ..# #.# # #)#
#.#@# #######.#g##
#.......So.#######
#(#####.#.........
#.# #.##.######
#######.# #.##.##
#.....#.#
#.#...#######
#####.#.#
#...#......<.
#)#(#######...######.


You could see an orc priest, an adder and a hobgoblin.

Vanquished Creatures
  An adder (D:2)
  An ooze (D:2)
  A worm (D:2)
  A dart slug (D:2)
  A leopard gecko (D:1)
  6 orcs (D:3)
  3 giant cockroaches
  4 goblins
  4 hobgoblins
  2 bats (D:2)
  4 kobolds
  9 rats
37 creatures vanquished.

Notes
Turn   | Place    | Note
-------+----------+-------------------------------------------
     0 | D:1      | NullDivider the Spriggan Artificer began the quest for the Orb.
     0 | D:1      | Reached XP level 1. HP: 9/9 MP: 4/4
    85 | D:1      | Reached skill level 1 in Fighting
   423 | D:1      | Reached XP level 2. HP: 14/14 MP: 6/6
   583 | D:1      | Found a sparkling altar of Nemelex Xobeh.
  1152 | D:2      | Found a burning altar of Makhleb.
  1176 | D:2      | Found a bloodstained altar of Trog.
  1451 | D:2      | Reached XP level 3. HP: 10/18 MP: 7/7
  2065 | D:3      | Slain by a hobgoblin

Skill      XL: |  1  2 |
---------------+-------+-----
Fighting       | 1 |  1.8
Stealth        | 2 |  2.8
Short Blades   | |  1.8
Dodging        | |  3.7
Evocations     | |  4.4

Action                   || total
-------------------------++-------
Melee: Short sword       ||   128
Evoke: Wand              ||     4
 Stab: Sleeping          ||    12
       Distracted        ||     2
Armor: Robe              ||     7
Dodge: Dodged            ||    89
